 Dungeon Crawl Stone Soup version 0.19-a0-1462-g5650605 (webtiles) character file.

1438 Grim the Cruncher (level 8, 74/74 HPs)
             Began as a Minotaur Gladiator on Sept 7, 2016.
             Was an Initiate of Fedhas.
             Quit the game on level 5 of the Dungeon.
             The game lasted 00:10:16 (5090 turns).

Grim the Cruncher (Minotaur Gladiator)              Turns: 5090, Time: 00:10:17

Health: 74/74      AC: 16    Str: 20    XL:     8   Next: 45%
Magic:  9/9        EV: 11    Int:  5    God:    Fedhas [......]
Gold:   289        SH:  0    Dex: 13    Spells: 0 memorised, 7 levels left

rFire  . . .     SeeInvis .     a - +0 quarterstaff
rCold  . . .     Gourm    .     m - +1 scale mail {rPois}
rNeg   . . .     Faith    .     (shield currently unavailable)
rPois  +         Spirit   .     c - +0 hat
rElec  +         Dismiss  .     o - +0 cloak
rCorr  .         Reflect  .     (no gloves)
MR     .....     Harm     .     (no boots)
Stlth  ..........               k - amulet of rage
                                (no ring)
                                h - +4 ring of protection

@: no status effects
A: retaliatory headbutt, horns 2, icy blue scales 1, yellow scales 1,
electricity resistance, no device heal 1
a: Renounce Religion, Evoke Berserk Rage


You were on level 5 of the Dungeon.
You worshipped Fedhas.
Fedhas was noncommittal.
You were not hungry.

You visited 2 branches of the dungeon, and saw 6 of its levels.

You collected 289 gold pieces.

Inventory:

Hand Weapons
 a - a +0 quarterstaff (weapon)
Missiles
 d - 2 throwing nets (quivered)
Armour
 b - a +0 leather armour
 c - a +0 hat (worn)
 m - a +1 scale mail of poison resistance (worn)
 o - a +0 cloak (worn)
Jewellery
 h - a +4 ring of protection (left hand)
 k - an amulet of rage (around neck)
Wands
 E - a wand of flame (36/48)
Scrolls
 e - a scroll of magic mapping {unknown}
 l - a scroll of identify
 s - a scroll of fear {unknown}
 w - 3 scrolls of enchant armour {unknown}
 x - a scroll of fog {unknown}
 y - a scroll of remove curse {unknown}
 B - a scroll of immolation {unknown}
 D - a scroll of recharging {unknown}
 F - a scroll of blinking {unknown}
 G - 2 scrolls of enchant weapon {unknown}
Potions
 g - a potion of cure mutation {!q}
 i - a potion of berserk rage {unknown}
 j - a potion of heal wounds {unknown}
 n - 3 potions of flight
 q - a potion of ambrosia {unknown}
 t - a potion of brilliance {unknown}
 v - 2 potions of curing
 z - a potion of haste {unknown}
 A - a potion of degeneration {unknown}
Comestibles
 f - 2 bread rations
 p - 4 fruits
 r - 3 royal jellies
 u - 5 meat rations
 C - 4 chunks of flesh


   Skills:
 * Level 8.2 Fighting
 * Level 9.5 Staves
 - Level 2.0 Throwing
 - Level 3.2 Dodging
 + Level 3.3 Invocations


You had 7 spell levels left.
You didn't know any spells.

Dungeon Overview and Level Annotations

Branches:
Dungeon (5/15)             Temple (1/1) D:4

Altars:
Ashenzari
Cheibriados
Dithmenos
Elyvilon
Fedhas
Gozag
Kikubaaqudgha
Makhleb
Nemelex Xobeh
Qazlal
Ru
Sif Muna
Trog
Uskayaw
Vehumet
Xom
The Shining One


Innate Abilities, Weirdness & Mutations

You reflexively headbutt those who attack you in melee.
You have a pair of horns on your head.
You are partially covered in icy blue scales. (AC +2)
You are partially covered in yellow scales. (AC +2)
You are resistant to electric shocks. (rElec)
Potions and wands are less effective at restoring your health.


Message History

You see here 20 arrows.
A crimson imp comes into view.
The crimson imp shouts!
The crimson imp hits you but does no damage.
You sock the crimson imp! Your headbutt misses the crimson imp.
The crimson imp is heavily wounded.
The crimson imp completely misses you.
You sock the crimson imp!
You kill the crimson imp!
No target in view!
Found 7 steel tomahawks.
No target in view!
Some of the chunks of flesh in your inventory have rotted away.
Done exploring.
Done exploring.
Saving game... please wait.
Welcome back, Grim the Minotaur Gladiator.
Fedhas says: Spread life and death.
Press ? for a list of commands and other information.
Are you sure you want to abandon this character and quit the game? (Confirm with "yes".)

##.#.......
#.[<.......
#....#.....
#...###....
###...#######
####............
####...............
##.....####.........
#..@#### #....####.
##### #..#####..
#.....##..
##.........
#..........
#..........
##..####.... #..##
##### #..#


There were no monsters in sight!

Vanquished Creatures
  Sigmund (D:5)
  Edmund (D:5)
  A phantom (D:4)
  2 eyes of draining (D:4)
  2 ogres (D:4)
  2 howler monkeys
  2 crimson imps (D:5)
  A giant frog zombie (D:5)
  5 orc priests
  4 orc wizards
  A worker ant (D:5)
  A howler monkey skeleton (D:5)
  9 adders
  8 gnolls
  A shadow imp (D:5)
  An ooze (D:3)
  2 worms
  2 dart slugs (D:1)
  A giant gecko (D:3)
  24 orcs
  5 bats
  4 giant cockroaches
  3 goblins
  8 hobgoblins
  2 jackals (D:2)
  7 kobolds
  A quokka (D:2)
  5 giant newts
  A quokka skeleton (D:4)
  9 rats
116 creatures vanquished.

Vanquished Creatures (others)
  18 toadstools
18 creatures vanquished.

Grand Total: 134 creatures vanquished

Notes
Turn   | Place    | Note
-------+----------+-------------------------------------------
     0 | D:1      | Grim the Minotaur Gladiator began the quest for the Orb.
     0 | D:1      | Reached XP level 1. HP: 18/18 MP: 0/0
    70 | D:1      | Reached skill level 4 in Staves
    70 | D:1      | Reached XP level 2. HP: 25/25 MP: 1/1
   772 | D:2      | Reached XP level 3. HP: 23/31 MP: 2/2
  1057 | D:2      | Reached skill level 5 in Staves
  1422 | D:3      | Reached XP level 4. HP: 40/40 MP: 3/3
  1883 | D:3      | Reached XP level 5. HP: 40/46 MP: 4/4
  2136 | D:3      | Reached skill level 6 in Staves
  2639 | D:4      | Noticed an ogre
  2653 | D:4      | Killed an ogre
  2653 | D:4      | Reached skill level 5 in Fighting
  2653 | D:4      | Reached XP level 6. HP: 56/56 MP: 5/5
  2724 | D:4      | Reached skill level 7 in Staves
  2859 | D:4      | Found a staircase to the Ecumenical Temple.
  2865 | Temple   | Entered the Ecumenical Temple
  2947 | Temple   | Became a worshipper of Fedhas Madash
  3329 | D:4      | Found a bloodstained altar of Trog.
  3352 | D:4      | Reached skill level 1 in Invocations
  3352 | D:4      | Reached XP level 7. HP: 63/63 MP: 0/6
  3492 | D:4      | Reached skill level 8 in Staves
  3976 | D:5      | Entered Level 5 of the Dungeon
  4412 | D:5      | Gained mutation: You are agile. (Dex +2) [potion of mutation]
  4412 | D:5      | Gained mutation: Potions and wands are less effective at restoring your health. [potion of mutation]
  4412 | D:5      | Gained mutation: You are partially covered in yellow scales. (AC +2) [potion of mutation]
  4413 | D:5      | Gained mutation: You are partially covered in icy blue scales. (AC +2) [potion of mutation]
  4413 | D:5      | Lost mutation: You are agile. (Dex +2) [potion of mutation]
  4413 | D:5      | Gained mutation: You are resistant to electric shocks. (rElec) [potion of mutation]
  4414 | D:5      | Noticed Edmund
  4431 | D:5      | Killed Edmund
  4431 | D:5      | Reached XP level 8. HP: 63/73 MP: 8/8
  4549 | D:5      | Noticed Sigmund
  4557 | D:5      | Killed Sigmund
  4557 | D:5      | Reached skill level 9 in Staves
  4763 | D:5      | Found a deep blue altar of Sif Muna.
  5090 | D:5      | Quit the game

Vault maps used:
D:1:      ldierk_walled_garden_2, minmay_misc_feat_x
D:3:      minmay_cupped
D:4:      wad_floor_pattern_1, trog_eyes_of_draining
D:5:      first_bread, basic_altar, sigmund_edmund_badplayer
Temple:   regret_index_temple_sigil_plot

Skill      XL: |  1  2  3  4  5  6  7  8 |
---------------+-------------------------+-----
Staves         | 4 5 6 7 8 9 |  9.5
Fighting       | 3 4 5 6 7 8 |  8.2
Invocations    | 1 2 3 |  3.3
Throwing       | |  2.0
Dodging        | |  3.2

Action                   |  1- 3 |  4- 6 |  7- 9 || total
-------------------------+-------+-------+-------++-------
Melee: Quarterstaff      |    68 |    90 |   143 ||   301
       Headbutt          |    15 |    23 |    30 ||    68
Throw: Throwing net      |       |       |     2 ||     2
  Use: Scroll            |       |       |     4 ||     4
       Potion            |       |       |     2 ||     2
  Eat: Chunk             |     2 |     5 |     6 ||    13
Armor: Leather armour    |    21 |    26 |    14 ||    61
       Scale mail        |       |       |    34 ||    34
Dodge: Dodged            |    49 |    40 |    55 ||   144
